 Dungeon Crawl Stone Soup version 0.32-a0-42-ga30500b4d3 (webtiles) character file.

Game seed: 10527784272698585262

24239 Newt the Spear-Bearer (level 13, -1/92 HPs)
             Began as a Merfolk Gladiator on Jan 26, 2024.
             Was a High Priest of Hepliaklqana.
             Killed from afar by a manticore (15 damage)
             ... with a volley of spikes
             ... on level 13 of the Dungeon.
             The game lasted 00:27:55 (12328 turns).

Newt the Spear-Bearer (Merfolk Gladiator)          Turns: 12328, Time: 00:27:56

Health: -1/92      AC:  7    Str: 19    XL:     13   Next: 11%
Magic:  17/20      EV: 19    Int:  7    God:    Hepliaklqana [*****.]
Gold:   1211       SH:  9    Dex: 21    Spells: 19/22 levels left

rFire   . . .        W - +5 spear
rCold   + . .        P - +2 buckler
rNeg    . . .        R - +1 leather armour "Jadwa" {rPois Regen+ Dex+5}
rPois   +            c - +0 helmet
rElec   .            u - scarf {harm}
rCorr   .            g - +0 pair of gloves
SInv    .            H - +0 pair of boots
Will    +....        f - amulet of regeneration
Stlth   ++           y - ring of willpower
HPRegen 1.95/turn    s - ring of protection from cold
MPRegen 0.17/turn

%: harm (+30% outgoing, +20% incoming)
@: lethally poisoned (-1 -> -3), spiked, studying Hexes, inugami summoned
A: reduced essence, (nimble swimmer 2), mertail
a: Renounce Religion, Recall Ancestor, Ancestor Identity, Transference, Idealise


You were on level 13 of the Dungeon.
You worshipped Hepliaklqana.
Hepliaklqana was extremely pleased with you.
You visited 1 branch of the dungeon, and saw 13 of its levels.
You also visited: Sewer.

You collected 1211 gold pieces.

Inventory:

Hand Weapons
 O - the +4 spear of Defilement {chaos, rElec rCorr Str-4}
   (You took it off a gnoll sergeant on level 3 of the Dungeon)

   Str-4:     It affects your strength (-4).
   rElec:     It insulates you from electricity.
   rCorr:     It protects you from acid and corrosion.
 W - a +5 spear (weapon)
Missiles
 d - 2 throwing nets (quivered)
 h - a javelin
 F - 23 poisoned darts
Armour
 c - a +0 helmet (worn)
 g - a +0 pair of gloves (worn)
 u - a scarf of harm (worn)
 E - a +3 leather armour of willpower
 H - a +0 pair of boots (worn)
 L - a +1 chain mail of fire resistance
 P - a +2 buckler (worn)
 R - the +1 leather armour "Jadwa" (worn) {rPois Regen+ Dex+5}
   (You found it on level 7 of the Dungeon)

   Dex+5:     It affects your dexterity (+5).
   rPois:     It protects you from poison Regen+: It increases your rate of
   health regeneration.
Jewellery
 e - a ring of magical power
 f - an amulet of regeneration (around neck)
 k - a +6 ring of intelligence
 s - a ring of protection from cold (right hand)
 y - a ring of willpower (left hand)
 I - a ring of willpower
 Q - a ring of magical power
 U - a ring of poison resistance
Wands
 a - a wand of polymorph (1)
 r - a wand of flame (43)
 M - a wand of paralysis (10)
 S - a wand of roots (6)
 Y - a wand of light (1)
Scrolls
 b - a scroll of butterflies {unknown}
 j - a scroll of immolation
 l - a scroll of silence
 n - a scroll of fog
 o - 5 scrolls of teleportation
 q - 3 scrolls of fear
 t - a scroll of enchant armour
 v - a scroll of torment
 B - 6 scrolls of vulnerability
 C - a scroll of noise
 V - a scroll of revelation
 X - a scroll of blinking
 Z - a scroll of identify
Potions
 i - 3 potions of degeneration
 m - 6 potions of curing
 p - a potion of ambrosia
 w - a potion of haste
 x - 5 potions of enlightenment
 z - 3 potions of heal wounds
 A - a potion of resistance
 D - 2 potions of magic
 J - a potion of mutation
 T - 3 potions of attraction


   Skills:
 - Level 9.9 Fighting
 - Level 12.0 Polearms
 - Level 2.0 Throwing
 * Level 10.3 Dodging
 - Level 7.7 Shields
 - Level 5.0 Spellcasting
 + Level 9.4 Summonings
 + Level 6.3 Invocations
 - Level 8.0 Evocations


You had 19 spell levels left.
You knew the following spells:

 Your Spells              Type           Power      Damage    Failure   Level
a - Call Canine Familiar  Summ           14%        N/A       2%          3

Your spell library contained the following spells:

 Spells                   Type           Power      Damage    Failure   Level
 Necrotise                Necr           4%         1d4       38%         1
 Shock                    Conj/Air       4%         1d3       38%         1
 Slow                     Hex            4%         N/A       38%         1
 Sting                    Conj/Alch      4%         1d3       38%         1
 Ensorcelled Hibernation  Hex/Ice        2%         N/A       52%         2
 Mercury Vapours          Alch/Air       2%         N/A       52%         2
 Static Discharge         Conj/Air       2%         3-4/arc   52%         2
 Sublimation of Blood     Necr           1%         N/A       52%         2
 Martyr's Knell           Necr/Summ      8%         N/A       52%         4
 Summon Blazeheart Golem  Fire/Summ      8%         N/A       52%         4
 Confusing Touch          Hex            1%         N/A       77%         3
 Fugue of the Fallen      Necr           1%         N/A       77%         3
 Passwall                 Erth           1%         N/A       77%         3
 Sigil of Binding         Hex            1%         N/A       77%         3
 Swiftness                Air            1%         N/A       77%         3
 Vampiric Draining        Necr           1%         2d6       77%         3
 Airstrike                Air            0%         2d(1-17)  99%         4
 Anguish                  Hex/Necr       0%         N/A       99%         4
 Animate Dead             Necr           1%         N/A       99%         4
 Cause Fear               Hex            0%         N/A       99%         4
 Dimensional Bullseye     Hex/Tloc       0%         N/A       99%         4
 Flame Wave               Conj/Fire      1%         2d4       99%         4
 Olgreb's Toxic Radiance  Alch           1%         N/A       99%         4
 Petrify                  Alch/Erth      1%         N/A       99%         4
 Borgnjor's Vile Clutch   Necr/Erth      0%         N/A       100%        5
 Curse of Agony           Necr           1%         N/A       100%        5
 Fireball                 Conj/Fire      0%         3d3       100%        5
 Irradiate                Conj/Alch      0%         3d11      100%        5
 Death Channel            Necr           0%         N/A       100%        6
 Dragon's Call            Summ           7%         N/A       100%        9


Dungeon Overview and Level Annotations

Branches:
Dungeon (13/15)            Temple (0/1) D:7            Lair (0/5) D:9
    Orc (0/2) D:11          Sewer (visited)
 Vaults: D:13-14

Altars:
Elyvilon
Fedhas
Gozag
Hepliaklqana
Kikubaaqudgha
Okawaru
Qazlal
Sif Muna
Trog
Vehumet
Xom
Yredelemnul
The Shining One

Shops:
D:11 (

Annotations:
D:10 2 transporters, waq's ghost, journeyman HuEE


Innate Abilities, Weirdness & Mutations

Your life essence is reduced to manifest your ancestor. (-10% HP)
((You are very nimble when in or above water. (Stealth+, EV+, Speed+++)))
Your lower body shifts to a powerful aquatic tail in water.


Message History

The meliai hits you with a +0 hand axe.
The meliai hits Stanko with a +0 hand axe.
You block the meliai's attack.
You hit the meliai but do no damage.
The meliai is moderately wounded.
The meliai hits you with a +0 hand axe.
Stanko blocks the meliai's attack.
You block the meliai's attack.
The meliai invokes the aid of its god against you.
Something smites you!
Stanko misses the meliai.
Unknown command.
Casting: Call Canine Familiar (mildly dangerous; 2% risk of failure)
Confirm with . or Enter, or press ? or * to list all spells.
You call for your canine familiar and it appears with a howl!
The meliai closely misses you.
The meliai barely misses Stanko.
You block the meliai's attack. The meliai hits you with a +0 hand axe.
The meliai hits Stanko but does no damage.
You block the meliai's attack.
The meliai calls down the wrath of its god upon you.
Something smites you!
Unknown command.
The meliai misses you.
Stanko blocks the meliai's attack.
The meliai stings you but does no damage.
The meliai barely misses you.
Stanko blocks the meliai's attack.
The meliai stings you.
Stanko misses the meliai.
The meliai calls upon its god to heal the meliai.
The meliai's wounds heal themselves!
The meliai barely misses you. The meliai stings you!
You are poisoned.
The meliai poisons you!
The manticore flicks its tail.
The volley of spikes misses you.
You feel very sick. You block the meliai's attack.
The meliai barely misses you. The meliai hits you with a +0 hand axe!
* * * LOW HITPOINT WARNING * * *
The meliai closely misses you. x2; You block the meliai's attack.
The manticore flicks its tail.
The volley of spikes skewers you!
The barbed spikes become lodged in your body.
You die...

#.. ..# ####..####..#####
.................
#...................
#...........h...#
#...............#
#......H.)..R...#
#..........yyy..#
#####...........@...#
....................#
.................<..###
#####....................
# #.................... #
#..####..####..###### #
#..# #..# #..# # #..#
#).# #..# # #..# #..#
#..#


You could see the friendly Stanko the knight, a manticore, 3 meliai and a
friendly inugami (summoned).

Vanquished Creatures
  Josephine (D:11)
  The ghost of grandjackal the Mimic, a journeyman MfSh of Cheibriados (D:11)
  Erica (D:8)
  4 two-headed ogres
  Amaemon (D:8)
  A manticore (D:11)
  A cyclops (D:11)
  A large abomination (D:10)
  An orange demon (D:8)
  An unseen horror (D:11)
  A kobold demonologist (D:12)
  A harpy zombie (D:10)
  7 trolls
  A meliai zombie (D:10)
  A vampire (D:11)
  5 slime creatures
  21 yaks
  A shadow (D:7)
  5 wraiths
  2 vampire mosquitoes (D:12)
  A water moccasin (D:7)
  A two-headed ogre zombie (D:10)
  An ice beast (D:5)
  2 orc warriors
  A sky beast (D:6)
  A black bear (D:9)
  An elephant zombie (D:10)
  A laughing skull (D:10)
  An ogre (D:6)
  The ghost of knightboat the Changeling, an amateur DgSh (D:3)
  5 centaurs
  2 phantoms (D:6)
  5 kobold brigands
  2 bullfrogs
  8 wights
  12 killer bees
  A spriggan zombie (D:10)
  3 howler monkeys
  A wolf zombie (D:10)
  A centaur zombie (D:10)
  9 orc priests
  A sleepcap (D:7)
  5 orc wizards
  An iguana (D:5)
  8 adders
  14 gnolls
  3 river rats
  2 shadow imps
  5 dart slugs
  4 ribbon worms
  24 orcs
  9 ball pythons
  6 endoplasms
  3 giant cockroaches
  14 goblins
  6 hobgoblins
  9 jackals
  20 kobolds
  9 quokkas
  11 bats
  3 frilled lizards
  8 rats
  A butterfly (D:7)
284 creatures vanquished.

Vanquished Creatures (collateral kills)
  2 cyclopes (D:11)
  An ugly thing (D:11)
  Maurice (D:11)
  A manticore (D:12)
  A komodo dragon (D:10)
  An efreet (D:13)
  A slime creature (D:9)
  A dream sheep (D:9)
  3 wraiths
  A shadow (D:10)
  7 yaks
  2 steam dragons (D:6)
  An acid dragon (D:12)
  A water moccasin (D:8)
  3 sky beasts
  2 orc warriors
  A black bear (D:9)
  A centaur (D:6)
  2 bullfrogs
  A gnoll sergeant (D:3)
  A scorpion (D:9)
  3 wights (D:9)
  3 killer bees
  2 wolf zombies (D:10)
  A howler monkey (D:4)
  A centaur zombie (D:10)
  A hound (D:4)
  A bombardier beetle (D:4)
  A jelly (D:6)
  4 orc priests
  An iguana (D:6)
  5 orc wizards
  3 killer bee zombies (D:10)
  Robin (D:4)
  An adder (D:4)
  4 gnolls
  A shadow imp (D:6)
  A ribbon worm (D:4)
  11 orcs
  An endoplasm (D:4)
  2 hobgoblins (D:4)
  A jackal (D:5)
  A quokka (D:4)
  8 kobolds
93 creatures vanquished.

Vanquished Creatures (others)
  4 dream sheep (D:9)
  An ancestor (D:4)
  16 knights
21 creatures vanquished.

Grand Total: 398 creatures vanquished

Notes
Turn   | Place    | Note
-------+----------+-------------------------------------------
     0 | D:1      | Newt the Merfolk Gladiator began the quest for the Orb.
     0 | D:1      | Reached XP level 1. HP: 16/16 MP: 1/1
   267 | D:1      | Reached XP level 2. HP: 23/23 MP: 2/2
   928 | D:2      | Reached XP level 3. HP: 28/28 MP: 3/3
  1025 | D:2      | Reached skill level 5 in Polearms
  1025 | D:2      | Reached skill level 5 in Dodging
  1031 | D:2      | Reached XP level 4. HP: 17/34 MP: 4/4
  1785 | D:3      | Found a transporter.
  1791 | D:3      | Found a transporter.
  1824 | D:3      | Found a radiant altar of Vehumet.
  1826 | D:3      | Found a hazy altar of Hepliaklqana.
  1838 | D:3      | Found a bloodstained altar of Trog.
  1841 | D:3      | Became a worshipper of Hepliaklqana the Forgotten
  1912 | D:3      | Found a glowing drain.
  1919 | D:3      | Reached XP level 5. HP: 41/41 MP: 5/5
  1939 | Sewer    | Entered a sewer
  2074 | Sewer    | Reached skill level 6 in Polearms
  2761 | D:4      | Reached XP level 6. HP: 40/48 MP: 6/6
  2775 | D:4      | Reached skill level 1 in Summonings
  2813 | D:3      | Found an iron altar of Okawaru.
  2974 | D:3      | Noticed knightboat's ghost (amateur DgSh)
  2978 | D:3      | Identified the +4 spear of Defilement {chaos, rElec rCorr
                  | Str-4}
  3066 | D:3      | Reached * piety under Hepliaklqana
  3115 | D:4      | Reached skill level 1 in Spellcasting
  3129 | D:4      | Learned a level 3 spell: Call Canine Familiar
  3314 | D:4      | Found a blossoming altar of Fedhas.
  3371 | D:4      | Reached XP level 7. HP: 44/49 MP: 7/9
  3700 | D:4      | Noticed Robin
  3728 | D:4      | Killed Robin
  3956 | D:5      | Entered Level 5 of the Dungeon
  4099 | D:5      | Reached skill level 5 in Fighting
  4290 | D:5      | Found an opulent altar of Gozag.
  4718 | D:5      | Reached XP level 8. HP: 45/55 MP: 10/12
  5056 | D:6      | Reached ** piety under Hepliaklqana
  5057 | D:6      | Remembered your ancestor Stanko as a knight
  5213 | D:6      | Reached skill level 5 in Summonings
  5465 | D:6      | Found a stormy altar of Qazlal.
  5664 | D:6      | Reached XP level 9. HP: 15/63 MP: 12/15
  6325 | D:3      | Reached skill level 5 in Spellcasting
  6333 | D:3      | Killed knightboat's ghost
  6500 | D:7      | Identified the +1 leather armour "Jadwa" {rPois Regen+
                  | Dex+5}
  6554 | D:7      | Found a shimmering blue altar of Sif Muna.
  6561 | D:7      | Found a staircase to the Ecumenical Temple.
  6587 | D:7      | Reached skill level 1 in Shields
  6696 | D:7      | Reached skill level 7 in Polearms
  6703 | D:7      | Reached XP level 10. HP: 71/71 MP: 17/17
  6808 | D:7      | Reached *** piety under Hepliaklqana
  7016 | D:8      | Noticed Erica
  7040 | D:8      | Killed Erica
  7041 | D:8      | Reached skill level 8 in Polearms
  7041 | D:8      | Reached skill level 5 in Shields
  7352 | D:8      | Noticed Amaemon
  7353 | D:8      | Noticed an orange demon
  7397 | D:8      | Killed Amaemon
  7412 | D:8      | Killed an orange demon
  7620 | D:8      | Reached skill level 9 in Polearms
  7934 | D:9      | Found a staircase to the Lair.
  7940 | D:9      | Reached skill level 1 in Evocations
  7958 | D:9      | Noticed a two-headed ogre
  7991 | D:8      | Reached XP level 11. HP: 23/76 MP: 15/18
  8042 | D:9      | Killed a two-headed ogre
  8043 | D:9      | Reached skill level 10 in Polearms
  8404 | D:9      | Got the Book of the Sky and Ashes
  8682 | D:9      | Found a shimmering altar of Xom.
  8684 | D:9      | Reached skill level 5 in Evocations
  9011 | D:9      | Found a white marble altar of Elyvilon.
  9100 | D:9      | Found a basalt altar of Yredelemnul.
  9161 | D:10     | Entered Level 10 of the Dungeon
  9164 | D:10     | Found a glowing golden altar of the Shining One.
  9252 | D:10     | Reached skill level 11 in Polearms
  9356 | D:10     | Reached skill level 1 in Invocations
  9471 | D:10     | Reached **** piety under Hepliaklqana
  9515 | D:10     | Noticed a two-headed ogre
  9518 | D:10     | Found a bloodstained altar of Trog.
  9518 | D:10     | Noticed waq's ghost (journeyman HuEE)
  9546 | D:10     | Found a transporter.
  9547 | D:10     | Noticed a moth of wrath
  9553 | D:10     | Found a transporter.
  9563 | D:10     | Noticed a tengu warrior
  9673 | D:10     | Found an ancient bone altar of Kikubaaqudgha.
  9678 | D:10     | Noticed a large abomination
  9801 | D:10     | Killed a large abomination
  9817 | D:10     | Reached XP level 12. HP: 86/86 MP: 19/19
  9862 | D:10     | You fall into a shaft and drop 3 floors!
 10005 | D:12     | Noticed a two-headed ogre
 10018 | D:12     | Killed a two-headed ogre
 11031 | D:11     | Found a transporter.
 11031 | D:11     | Noticed a two-headed ogre
 11031 | D:11     | Noticed grandjackal's ghost (journeyman MfSh)
 11054 | D:11     | Found a transporter.
 11058 | D:11     | Reached ***** piety under Hepliaklqana
 11060 | D:11     | Noticed a two-headed ogre
 11214 | D:11     | Reached skill level 12 in Polearms
 11271 | D:11     | Noticed Maurice
 11283 | D:11     | Something stole the +4 spear of Defilement {chaos, rElec
                  | rCorr Str-4}
 11285 | D:11     | Something stole 461 gold
 11296 | D:11     | Something stole a ring of magical power
 11298 | D:11     | Something stole 23 poisoned darts
 11302 | D:11     | Something stole 372 gold
 11392 | D:11     | Killed Maurice
 11503 | D:11     | Noticed Josephine
 11549 | D:11     | Killed Josephine
 11571 | D:11     | Reached skill level 5 in Invocations
 11660 | D:11     | Found a staircase to the Orcish Mines.
 11660 | D:11     | Found Keistrewk's Weapon Shop.
 11935 | D:11     | Killed a two-headed ogre
 11940 | D:11     | Killed a two-headed ogre
 11941 | D:11     | Reached XP level 13. HP: 77/92 MP: 17/20
 11948 | D:11     | Killed grandjackal's ghost
 11960 | D:11     | Reached skill level 10 in Dodging
 12328 | D:13     | Killed from afar by a manticore

Illustrated notes

Levels and vault maps discovered:
D:1:      ncdulo_lavacross, layout_loops_ring, serial_co_window_serial,
          co_window_corner_a, co_window_of_opportunity_a, co_window_paths_a,
          co_window_corner_a, co_window_paths_a, co_window_corner_ca,
          co_window_corner_ca, co_window_2corner, co_window_2corner,
          co_window_unsneaky_path_e, co_window_paths_c, glass_columns_a,
          glass_columns_a, glass_columns_a, glass_columns_b
D:2:      layout_loops_ring, st_stairs_6, nicolae_underground_beach
D:3:      layout_loops_cross, gammafunk_temple_overflow_forgotten,
          okawaru_trees_2, portal_sewer_entry_a, gammafunk_ghost_gnarly_gnolls
D:4:      layout_basic, mainiacjoe_overflow_alcove_2, uniq_robin
D:5:      layout_cave_pods, grunt_gozag_statues
D:6:      minmay_clustersquares, layout_rooms, nicolae_qazlal_beasts_of_the_sky
D:7:      layout_rooms, nicolae_overflow_crystal_walls,
          minmay_temple_entry_butterflies, minmay_microvault
D:8:      layout_basic, uniq_erica, uniq_amaemon
D:9:      layout_long_grid, kennysheep_ying_yang, kb_xom_exploding_sheep,
          due_lair_maze_entry_diamond, serial_park_tiny_1
D:10:     layout_irregular_city, mainiacjoe_overflow_six_doors_small,
          gammafunk_ghost_wrathful_warriors, roadster_capsule_ark_zombie
D:11:     layout_gridville, orc_david_3, gammafunk_ghost_arena, uniq_josephine,
          uniq_maurice
D:12:     layout_basic
D:13:     layout_small_grid, abandoned_shop

Skill      XL: |  1  2  3  4  5  6  7  8  9 10 11 12 13 |
---------------+----------------------------------------+-----
Polearms       | 5 6 7 9 11 12 | 12.0
Dodging        | 5 6 9 10 | 10.3
Fighting       | 3 4 5 6 7 9 |  9.9
Summonings     | 2 4 6 8 9 |  9.4
Spellcasting   | 1 2 4 5 |  5.0
Shields        | 3 7 |  7.7
Evocations     | 2 7 8 |  8.0
Invocations    | 2 5 6 |  6.3
Throwing       | |  2.0

Action                     |  1- 3 |  4- 6 |  7- 9 | 10-12 | 13-15 || total
---------------------------+-------+-------+-------+-------+-------++-------
  Melee: Trident           |    93 |   305 |   229 |       |       ||   627
         Punch             |     1 |       |     4 |       |       ||     5
         Tailslap          |       |     8 |       |       |       ||     8
         Spear             |       |       |    70 |   979 |    46 ||  1095
         Glaive            |       |       |    17 |       |       ||    17
  Throw: Throwing net      |     2 |       |     2 |     3 |       ||     7
         Javelin           |     1 |       |       |     1 |       ||     2
   Cast: Call Canine Famil |       |     1 |    10 |    24 |     1 ||    36
 Invoke: Ancestor Life: Kn |       |       |     1 |       |       ||     1
         Recall Ancestor   |       |       |     1 |     6 |       ||     7
  Evoke: Wand              |       |       |       |     9 |       ||     9
    Use: Scroll            |     2 |     3 |     5 |     9 |       ||    19
         Potion            |       |       |     3 |     5 |       ||     8
   Stab: Sleeping          |     4 |     4 |       |     4 |     1 ||    13
         Distracted        |       |     1 |     1 |     8 |       ||    10
         Held in net/web   |       |       |       |     1 |       ||     1
         Invisible         |       |       |       |     3 |       ||     3
 Armour: Leather armour    |    41 |   112 |   132 |   250 |    27 ||   562
  Dodge: Dodged            |    36 |   193 |   121 |   225 |    17 ||   592
  Block: Buckler           |       |       |     8 |   209 |     9 ||   226

Table legend: (Time is in decaauts)
 A = Elapsed time spent in this place.
 B = Non-inter-level travel time spent in this place.
 C = Inter-level travel time spent in this place.
 D = Time resting spent in this place.
 E = Time spent auto-exploring this place.
 F = Levels seen in this place.
 G = Mean time per level.
                   A        B        C        D        E       F      G
               +--------+--------+--------+--------+--------+-----+--------+
         Total |  11843 |  11098 |    745 |   1395 |   6663 |  14 |  845.9 |
       Dungeon |  11460 |  10715 |    745 |   1395 |   6454 |  13 |  881.5 |
         Sewer |    383 |    383 |      0 |      0 |    208 |   1 |  383.0 |
               +--------+--------+--------+--------+--------+-----+--------+

Top non-repeatable levels by time:
     D:4: 1239 daAuts
     D:6: 1188 daAuts
     D:9: 1126 daAuts
    D:12: 1025 daAuts
     D:5: 986 daAuts
     D:8: 952 daAuts
    D:11: 933 daAuts
     D:1: 915 daAuts
    D:10: 841 daAuts
     D:2: 840 daAuts
     D:3: 825 daAuts
     D:7: 493 daAuts
   Sewer: 383 daAuts
    D:13: 91 daAuts
